 Dungeon Sprint DCSS version 0.24-a0-250-g6074511092 (webtiles) character file.

Game seed: 15401897374763750521

56173 Redear the Brawler (level 13, -18/92 (95) HPs)
             Began as a Demonspawn Fighter on Apr 15, 2019.
             Was a High Priest of Cheibriados.
             Demolished by an alligator snapping turtle (25 damage)
             ... in the Dungeon (Sprint III: "The Ten Rune Challenge").
             The game lasted 00:27:00 (5328 turns).

Redear the Brawler (Demonspawn Fighter)             Turns: 5328, Time: 00:27:01

HP:   -18/92 (95)   AC: 21    Str: 37    XL:     13   Next: 89%
MP:   20/24         EV: 27    Int: 27    God:    Cheibriados [*****.]
Gold: 21            SH:  0    Dex: 29    Spells: 6/12 levels left

rFire    . . .     SeeInvis .     - Unarmed
rCold    + . .     Gourm    .   w - +0 shield {reflect} {Reflect}
rNeg     . . .     Faith    .   b - +3 chain mail {rC+} {rC+}
rPois    .         Spirit   .   m - +2 hat
rElec    .         Reflect  +   e - +0 cloak
rCorr    .         Harm     .   (no gloves)
MR       .....     NoTele   +   (no boots)
Stlth    +.........             (no amulet)
HPRegen  0.25/turn              (no ring)
MPRegen  0.19/turn              (no ring)

@: confused, mighty, flying, starving, very slow
A: claws 2, yellow scales 1, agile 1, frail 1, nightstalker 3, powered by death
1, evolution 1
}: 1/10 runes: decaying
a: Bend Time, Temporal Distortion, Slouch, Step From Time, Renounce Religion


You were in the Dungeon.
You worshipped Cheibriados.
Cheibriados was extremely pleased with you.
You were starving.

You visited 1 branch You collected 1182 gold pieces.
You spent 1161 gold pieces at shops.

Inventory:

Hand Weapons
 i - a +2 quarterstaff of chaos
Armour
 a - a +0 scale mail
 b - a +3 chain mail of cold resistance (worn) {rC+}
 e - a +0 cloak (worn)
 m - a +2 hat (worn)
 v - the +1 plate armour of Dyspraxia {rPois rC- rN++}
   (You found it in the Dungeon)

   It makes you vulnerable to cold.
   It protects you from poison.
   It greatly protects you from negative energy.
 w - a +0 shield of reflection (worn) {Reflect}
Wands
 g - a wand of polymorph (17)
Scrolls
 c - a scroll of vulnerability {unknown}
 d - a scroll of immolation {unknown}
 k - a scroll of torment {unknown}
 o - 2 scrolls of enchant armour {unknown}
 p - a scroll of holy word
 s - a scroll of fog {unknown}
 u - a scroll of summoning {unknown}
 N - a scroll of remove curse {@r2}
 R - 2 scrolls of identify {@r1}
Potions
 h - a potion of magic
 j - 5 potions of mutation {!q}
 n - 3 potions of lignification {unknown}
 q - a potion of berserk rage
 r - a potion of ambrosia
 t - a potion of degeneration {!q}
 H - 2 potions of haste {@q5}
 Q - 2 potions of curing {@q2}
Comestibles
 z - 5 rations


   Skills:
 - Level 11.2 Fighting
 - Level 14.6 Armour
 - Level 16.8 Dodging
 - Level 14.6 Shields
 - Level 16.8 Unarmed Combat
 + Level 4.3 Transmutations
 + Level 4.3 Earth Magic
 - Level 15.0 Invocations


You had 6 spell levels left.
You knew the following spells:

 Your Spells              Type           Power        Failure   Level  Hunger
Y - Statue Form           Tmut/Erth      ###......    100%        6    #######

Your spell library contained the following spells:

 Spells                   Type           Power        Failure   Level  Hunger
 Animate Skeleton         Necr           N/A          32%         1    ##.....
 Apportation              Tloc           #.....       32%         1    ##.....
 Confusing Touch          Hex            #.....       32%         1    ##.....
 Magic Dart               Conj           #...         32%         1    ##.....
 Summon Small Mammal      Summ           #...         32%         1    ##.....
 Blink                    Tloc           N/A          45%         2    ###....
 Call Imp                 Summ           #.......     45%         2    ###....
 Slow                     Hex            #.......     45%         2    ###....
 Conjure Flame            Conj/Fire      #.......     69%         3    ####...
 Mephitic Cloud           Conj/Pois/Air  #.......     69%         3    ####...
 Leda's Liquefaction      Hex/Erth       ##........   80%         4    #####..
 Bolt of Magma            Conj/Fire/Erth #.........   99%         5    ######.
 Iron Shot                Conj/Erth      ##........   100%        6    #######
 Shatter                  Erth           ###.......   100%        9    #######


Dungeon Overview and Level Annotations

Branches:
Dungeon (1/1)

Altars:
Cheibriados
Dithmenos
Elyvilon
Fedhas
Gozag
Hepliaklqana
Kikubaaqudgha
Makhleb
Nemelex Xobeh
Okawaru
Qazlal
Ru
Sif Muna
Trog
Uskayaw
Vehumet
Wu Jian
Xom
Yredelemnul
Zin
The Shining One
Beogh
Jiyva
Lugonu

Shops:
D :(?:%*(


Innate Abilities, Weirdness & Mutations

You have very sharp fingernails.
You are partially covered in yellow scales. (AC +2)
You are completely attuned to the shadows.
You regenerate a little health from kills.
You are agile. (Dex +2)
You are frail. (-10% HP)
You evolve.


Message History

Unknown command.
Okay, then.
Unknown command.
Unknown command.
You don't have the energy to cast that spell.
Unknown command.
Okay, then.
Unknown command.
Okay, then.
Unknown command.
You don't have the energy to cast that spell.
Unknown command.
Unknown command.
Okay, then.
Okay, then.
You are confused.
You feel invigorated.
The alligator snapping turtle hisses angrily.
The alligator snapping turtle bites you from afar!!
You die...

♣♣ #....#
▓≈≈≈≈≈≈≈≈≈≈≈≈▓#.#§....
♣♣ #....# ▓≈≈≈≈≈≈≈≈≈≈
#.#...## .♣♣#†..##
▓≈≈≈≈≈≈≈≈≈≈ #.#)###§
.♣♣.####♣♣ ▓≈≈≈≈≈≈≈≈≈≈
#.#'#.§§ ♣.♣♣≈≈.≈≈♣
▓≈≈≈≈≈≈≈≈≈ #.#§§.§.
..♣♣♣♣♣♣≈♣ ▓≈≈≈≈≈≈≈≈≈
#.#§§.§§ ...≈.°°.≈♣
▓≈≈≈t≈≈≈≈≈ #.§§§.§§
.≈≈..≈...♣ ▓≈≈≈≈≈≈≈≈≈
######## ♣P.....≈.♣
▓≈≈t.@.... #8#8
♣♣♣♣♣♣∩∩∩♣ ▓≈≈..∩∩φ∩.
.... ♣♣♣♣♣ ▓▓▓▓▓▓▓▓▓▓
.... ####


You could see an alligator snapping turtle and a snapping turtle.

Vanquished Creatures
  Rupert (D)
  A kraken (D)
  Frances (D)
  Gastronok (D)
  Donald (D)
  4 azure jellies (D)
  2 dire elephants (D)
  A fire dragon (D)
  Erolcha (D)
  3 hydras (D)
  An alligator snapping turtle (D)
  4 dancing weapons (D)
  2 centaur warriors (D)
  Urug (D)
  4 death yaks (D)
  A deep elf knight (D)
  A spriggan druid (D)
  An obsidian statue (D)
  A death drake (D)
  A lindwurm (D)
  An orc knight (D)
  A mana viper (shapeshifter) (D)
  5 deep elf magi (D)
  An orb spider (shapeshifter) (D)
  An ugly thing (D)
  2 elephants (D)
  2 black mambas (D)
  2 spiny frogs (D)
  A rime drake (D)
  A komodo dragon (D)
  4 spriggan defenders (D)
  2 tyrant leeches (D)
  8 blink frogs (D)
  2 orc high priests (D)
  2 slime creatures (D)
  2 snapping turtles (D)
  3 wandering mushrooms (D)
  A shadow (D)
  5 redbacks (D)
  2 spriggans (D)
  A basilisk (shapeshifter) (D)
  A spatial vortex (D)
  A hydra simulacrum (D)
  A swamp drake (D)
  A necrophage (D)
  2 orc warriors (D)
  5 two-headed ogres (D)
  A water elemental (D)
  An electric eel (D)
  A jelly (D)
  2 orc wizards (D)
  4 orc priests (D)
  A wizard (D)
  Crazy Yiuf (D)
  A necromancer (D)
  3 humans (D)
  A kobold demonologist (D)
  2 swamp drake simulacra (D)
  2 oozes (D)
  11 orcs (D)
  2 rats (D)
  3 plants (D)
  3 tentacles (D)
132 creatures vanquished.

Vanquished Creatures (others)
  2 draconian scorchers (D)
  A yaktaur captain (D)
  6 hellions (D)
  3 yaktaurs (D)
  9 plants (D)
  3 tentacles (D)
24 creatures vanquished.

Grand Total: 156 creatures vanquished

Notes
Turn   | Place    | Note
-------+----------+-------------------------------------------
     0 | D        | Redear the Demonspawn Fighter began the quest for the Orb.
     0 | D        | Reached XP level 1. HP: 18/18 MP: 1/1
    14 | D        | Reached skill level 1 in Dodging
    14 | D        | Reached skill level 2 in Unarmed Combat
    23 | D        | Gained mutation: You have sharp fingernails. [demonic
                  | ancestry]
    23 | D        | Reached XP level 2. HP: 18/25 MP: 2/2
    47 | D        | Reached skill level 2 in Dodging
    65 | D        | Noticed Crazy Yiuf
    66 | D        | Killed a yaktaur
    74 | D        | Reached skill level 4 in Fighting
    74 | D        | Reached skill level 3 in Unarmed Combat
    74 | D        | Gained mutation: You are partially covered in yellow
                  | scales. (AC +2) [demonic ancestry]
    74 | D        | Reached XP level 3. HP: 31/31 MP: 3/3
    77 | D        | Killed Crazy Yiuf
    77 | D        | Reached skill level 5 in Fighting
    77 | D        | Reached skill level 3 in Dodging
    77 | D        | Reached skill level 4 in Unarmed Combat
    90 | D        | Killed a hellion
    94 | D        | Killed a hellion
    94 | D        | Killed a hellion
    95 | D        | Killed a hellion
    97 | D        | Gained mutation: You are agile. (Dex +2) [potion of
                  | mutation]
    97 | D        | Gained mutation: You evolve. [potion of mutation]
   105 | D        | Killed a hellion
   120 | D        | Noticed a water elemental
   127 | D        | Killed a water elemental
   127 | D        | Reached skill level 6 in Fighting
   127 | D        | Reached skill level 4 in Dodging
   127 | D        | Reached skill level 5 in Unarmed Combat
   127 | D        | Gained mutation: You regenerate a little health from kills.
                  | [demonic ancestry]
   127 | D        | Reached XP level 4. HP: 30/40 MP: 4/4
   131 | D        | Found a glowing silver altar of Zin.
   132 | D        | Found a glowing golden altar of the Shining One.
   132 | D        | Found a white marble altar of Elyvilon.
   132 | D        | Noticed a deep elf mage
   138 | D        | Killed a deep elf mage
   138 | D        | Reached skill level 9 in Fighting
   138 | D        | Reached skill level 7 in Dodging
   138 | D        | Reached skill level 8 in Unarmed Combat
   138 | D        | Gained mutation: You are slightly more attuned to the
                  | shadows. [demonic ancestry]
   138 | D        | Reached XP level 5. HP: 24/52 MP: 5/5
   138 | D        | Reached XP level 6. HP: 27/58 MP: 6/6
   146 | D        | Found a hide-covered altar of Uskayaw.
   146 | D        | Found a roughly hewn altar of Beogh.
   146 | D        | Found an iron altar of Okawaru.
   146 | D        | Found a bloodstained altar of Trog.
   146 | D        | Found an ornate altar of the Wu Jian Council.
   146 | D        | Noticed a human
   146 | D        | Noticed a human
   152 | D        | Killed a human
   152 | D        | Reached skill level 8 in Dodging
   152 | D        | Reached XP level 7. HP: 31/65 MP: 7/7
   156 | D        | Killed a human
   156 | D        | Reached skill level 10 in Fighting
   156 | D        | Reached skill level 9 in Unarmed Combat
   164 | D        | Found a basalt altar of Yredelemnul.
   164 | D        | Found a shadowy altar of Dithmenos.
   164 | D        | Found a sacrificial altar of Ru.
   168 | D        | Reached skill level 9 in Dodging
   174 | D        | Killed a yaktaur
   184 | D        | Found a radiant altar of Vehumet.
   184 | D        | Found a deep blue altar of Sif Muna.
   184 | D        | Found an ancient bone altar of Kikubaaqudgha.
   206 | D        | Killed a hellion
   219 | D        | Noticed a shadow
   231 | D        | Killed a shadow
   231 | D        | Reached XP level 8. HP: 31/74 MP: 8/8
   238 | D        | Killed a white draconian scorcher
   245 | D        | Found a blossoming altar of Fedhas.
   245 | D        | Found a stormy altar of Qazlal.
   245 | D        | Found a snail-covered altar of Cheibriados.
   245 | D        | Found a burning altar of Makhleb.
   245 | D        | Found a shimmering altar of Xom.
   288 | D        | Killed a white draconian scorcher
   374 | D        | Killed a yaktaur
   460 | D        | Found a hazy altar of Hepliaklqana.
   460 | D        | Found an opulent altar of Gozag.
   460 | D        | Found a sparkling altar of Nemelex Xobeh.
   460 | D        | Found a corrupted altar of Lugonu.
   460 | D        | Found a viscous altar of Jiyva.
   462 | D        | Became a worshipper of Cheibriados the Contemplative
   482 | D        | Reached skill level 11 in Fighting
   610 | D        | Reached * piety under Cheibriados
   610 | D        | Reached skill level 10 in Unarmed Combat
   613 | D        | Reached skill level 10 in Dodging
   657 | D        | Reached ** piety under Cheibriados
   657 | D        | Reached skill level 3 in Armour
   657 | D        | Reached skill level 3 in Shields
   818 | D        | Noticed a two-headed ogre
   828 | D        | Killed a two-headed ogre
   837 | D        | Noticed a two-headed ogre
   837 | D        | Noticed Erolcha
   840 | D        | Killed Erolcha
   840 | D        | Reached skill level 5 in Armour
   840 | D        | Reached skill level 5 in Shields
   840 | D        | Reached skill level 11 in Unarmed Combat
   840 | D        | Gained mutation: You have very sharp fingernails. [demonic
                  | ancestry]
   840 | D        | Reached XP level 9. HP: 69/81 MP: 9/9
   844 | D        | Killed a two-headed ogre
   844 | D        | Reached *** piety under Cheibriados
   844 | D        | Reached skill level 11 in Dodging
   848 | D        | Reached **** piety under Cheibriados
   848 | D        | Reached skill level 6 in Armour
   848 | D        | Reached skill level 6 in Shields
  1200 | D        | Noticed a wandering mushroom
  1204 | D        | Noticed a wandering mushroom
  1209 | D        | Noticed a wandering mushroom
  1215 | D        | Killed a wandering mushroom
  1220 | D        | Reached ***** piety under Cheibriados
  1299 | D        | Noticed a spiny frog
  1299 | D        | Noticed a komodo dragon
  1299 | D        | Noticed a spiny frog
  1308 | D        | Killed a spiny frog
  1308 | D        | Reached skill level 7 in Armour
  1308 | D        | Reached skill level 7 in Shields
  1312 | D        | Killed a spiny frog
  1312 | D        | Gained mutation: You are significantly more attuned to the
                  | shadows. [demonic ancestry]
  1312 | D        | Reached XP level 10. HP: 36/88 MP: 10/10
  1314 | D        | Reached skill level 12 in Unarmed Combat
  1526 | D        | Reached skill level 12 in Dodging
  1626 | D        | Reached skill level 8 in Armour
  1626 | D        | Reached skill level 8 in Shields
  1631 | D        | Reached ****** piety under Cheibriados
  1631 | D        | Reached skill level 1 in Invocations
  1634 | D        | Reached skill level 2 in Invocations
  1659 | D        | Reached skill level 3 in Invocations
  1821 | D        | Noticed an orc knight
  1831 | D        | Killed an orc knight
  1831 | D        | Reached skill level 4 in Invocations
  1874 | D        | Found Socwud's Assorted Antiques.
  1907 | D        | Bought a scroll labeled PAFIUN LIUMUM for 24 gold pieces
  1907 | D        | Bought a scroll labeled FESYLOVIAC for 24 gold pieces
  1907 | D        | Bought 3 scrolls labeled MYH VACUROIL for 72 gold pieces
  1907 | D        | Bought 2 coppery potions for 43 gold pieces
  1907 | D        | Bought a scroll of identify for 48 gold pieces
  1907 | D        | Bought a potion of curing for 72 gold pieces
  1907 | D        | Bought a scroll labeled HEEXUR ADAOK for 24 gold pieces
  1907 | D        | Bought a lumpy sapphire potion for 21 gold pieces
  1907 | D        | Bought a scroll labeled ZOLINA ROQUEN for 24 gold pieces
  1907 | D        | Bought a fuming coppery potion for 21 gold pieces
  1918 | D        | Noticed a deep elf mage
  1918 | D        | Noticed a deep elf mage
  1918 | D        | Noticed a deep elf mage
  1918 | D        | Noticed a deep elf mage
  1918 | D        | Noticed a deep elf knight
  1923 | D        | Killed a deep elf mage
  1923 | D        | Reached skill level 5 in Invocations
  1926 | D        | Killed a deep elf knight
  1926 | D        | Reached skill level 9 in Armour
  1926 | D        | Reached skill level 9 in Shields
  1926 | D        | Reached skill level 6 in Invocations
  1934 | D        | Killed a deep elf mage
  1934 | D        | Reached skill level 13 in Unarmed Combat
  1934 | D        | Reached XP level 11. HP: 91/93 MP: 15/15
  1939 | D        | Killed a deep elf mage
  1944 | D        | Killed a deep elf mage
  1944 | D        | Reached skill level 13 in Dodging
  1944 | D        | Reached skill level 7 in Invocations
  1995 | D        | Noticed Donald
  1995 | D        | Noticed Frances
  2006 | D        | Killed Donald
  2006 | D        | Reached skill level 8 in Invocations
  2009 | D        | Killed Frances
  2009 | D        | Reached skill level 10 in Armour
  2009 | D        | Reached skill level 10 in Shields
  2009 | D        | Reached skill level 9 in Invocations
  2162 | D        | Noticed an obsidian statue
  2168 | D        | Noticed a soul eater
  2168 | D        | Killed an obsidian statue
  2175 | D        | Noticed a crystal guardian
  2175 | D        | Noticed a crystal guardian
  2192 | D        | Reached skill level 10 in Invocations
  2245 | D        | Noticed a centaur warrior
  2247 | D        | Killed a centaur warrior
  2247 | D        | Reached skill level 14 in Unarmed Combat
  2250 | D        | Noticed a fire crab
  2250 | D        | a dream sheep changed into a fire crab
  2256 | D        | Noticed an orb spider
  2256 | D        | a fire crab changed into an orb spider
  2258 | D        | Killed an orb spider
  2258 | D        | Reached skill level 11 in Armour
  2258 | D        | Reached skill level 14 in Dodging
  2258 | D        | Reached skill level 11 in Shields
  2260 | D        | Noticed a centaur warrior
  2268 | D        | Killed a centaur warrior
  2268 | D        | Reached skill level 11 in Invocations
  2290 | D        | Got a polished plate armour
  2302 | D        | Identified the cursed +1 plate armour of Dyspraxia {rPois
                  | rC- rN++} (You found it in the Dungeon)
  2307 | D        | Noticed a fire dragon
  2310 | D        | HP: 1/93 [fire dragon/blast of flame (39)]
  2312 | D        | Killed a fire dragon
  2312 | D        | Gained mutation: You are completely attuned to the shadows.
                  | [demonic ancestry]
  2312 | D        | Reached XP level 12. HP: 1/100 MP: 20/20
  2678 | D        | Reached skill level 12 in Invocations
  2845 | D        | Noticed a yaktaur captain
  2862 | D        | Killed a yaktaur captain
  2894 | D        | Reached skill level 12 in Armour
  2894 | D        | Reached skill level 12 in Shields
  3173 | D        | Noticed a dire elephant
  3173 | D        | Noticed a dire elephant
  3182 | D        | Killed a dire elephant
  3182 | D        | Reached skill level 13 in Invocations
  3191 | D        | Noticed Gastronok
  3201 | D        | Killed a dire elephant
  3201 | D        | Reached skill level 15 in Unarmed Combat
  3207 | D        | Reached skill level 15 in Dodging
  3212 | D        | Gained mutation: You are frail. (-10% HP) [evolution]
  3219 | D        | Killed Gastronok
  3435 | D        | Noticed an azure jelly
  3435 | D        | Noticed an azure jelly
  3440 | D        | Noticed Rupert
  3440 | D        | Paralysed by Rupert for 6 turns
  3473 | D        | Killed Rupert
  3473 | D        | Reached skill level 14 in Invocations
  3765 | D        | Noticed a death yak
  3766 | D        | Noticed a death yak
  3774 | D        | Noticed a death yak
  3776 | D        | Killed a death yak
  3776 | D        | Reached XP level 13. HP: 78/94 MP: 23/23
  3783 | D        | Reached skill level 13 in Armour
  3783 | D        | Reached skill level 13 in Shields
  3876 | D        | Found Akaru's Book Shoppe.
  3879 | D        | Found Muegg's Antique Weapon Boutique.
  3881 | D        | Found Kaprosch's Magic Scroll Emporium.
  3886 | D        | Bought a scroll of identify for 24 gold pieces
  3886 | D        | Bought a scroll of blinking for 90 gold pieces
  3886 | D        | Bought a scroll of identify for 24 gold pieces
  3905 | D        | Reached skill level 15 in Invocations
  4122 | D        | Got a decaying rune of Zot
  4137 | D        | Bought a book of the Earth for 650 gold pieces
  4373 | D        | Noticed an azure jelly
  4373 | D        | Noticed an azure jelly
  4378 | D        | Killed an azure jelly
  4378 | D        | Reached skill level 16 in Unarmed Combat
  4384 | D        | Killed an azure jelly
  4384 | D        | Reached skill level 16 in Dodging
  4392 | D        | Killed an azure jelly
  4400 | D        | Killed an azure jelly
  4400 | D        | Reached skill level 14 in Armour
  4400 | D        | Reached skill level 14 in Shields
  4545 | D        | Noticed Urug
  4554 | D        | Killed Urug
  4660 | D        | Found a blossoming altar of Fedhas.
  4932 | D        | Learned a level 6 spell: Statue Form
  4934 | D        | Noticed a kraken
  4950 | D        | HP: 5/92 [kraken (34)]
  4952 | D        | Killed a kraken
  4952 | D        | Reached skill level 3 in Transmutations
  4952 | D        | Reached skill level 3 in Earth Magic
  5297 | D        | Found Zocelepsairi's Book Emporium.
  5297 | D        | Found Amupne's Food Shop.
  5316 | D        | Reached skill level 4 in Transmutations
  5316 | D        | Reached skill level 4 in Earth Magic
  5320 | D        | Found Faizoyc's Antique Weapon Boutique.
  5325 | D        | HP: 2/92 [alligator snapping turtle (20)]
  5328 | D        | Demolished by an alligator snapping turtle

Levels and vault maps discovered:
D:        dungeon_sprint_mu [sprint_mu_entry_cave, sprint_mu_temple_rooms,
          sprint_mu_d1_spiders, sprint_mu_d2_genie, sprint_mu_d3_branching,
          sprint_mu_orc_legion, sprint_mu_elf_gauntlet, sprint_mu_hive_nellie,
          sprint_mu_lair_fedhas, sprint_mu_vaults_butterflies,
          sprint_mu_slime_circle, sprint_mu_swamp_cave, sprint_mu_shoals_kraken,
          sprint_mu_blade_basic, sprint_mu_crypt_lich, sprint_mu_tomb_spiral,
          sprint_mu_vestibule_basic, sprint_mu_gehenna_hellfire,
          sprint_mu_dis_giant, sprint_mu_tartarus_statrot,
          sprint_mu_cocytus_islands, sprint_mu_zot1]

Skill      XL: |  1  2  3  4  5  6  7  8  9 10 11 12 13 |
---------------+----------------------------------------+-----
Dodging        | 1 2 4 7 8 9 10 11 12 14 15 16 | 16.8
Unarmed Combat | 2 3 5 8 9 11 13 14 15 16 | 16.8
Fighting       | 4 6 9 10 11 | 11.2
Armour         | 5 7 9 11 12 14 | 14.6
Shields        | 5 7 9 11 12 14 | 14.6
Invocations    | 6 11 14 15 | 15.0
Transmutations | 4 |  4.3
Earth Magic    | 4 |  4.3

Action                   |  1- 3 |  4- 6 |  7- 9 | 10-12 | 13-15 || total
-------------------------+-------+-------+-------+-------+-------++-------
Melee: Unarmed           |    30 |    10 |    97 |   258 |   185 ||   580
       Punch             |       |       |     4 |     9 |       ||    13
Invok: Slouch            |       |       |       |     5 |     6 ||    11
       Bend Time         |       |       |       |     2 |     4 ||     6
       Temporal Distorti |       |       |       |     1 |     2 ||     3
  Use: Potion            |     3 |       |     3 |     2 |     4 ||    12
       Scroll            |       |       |       |     7 |     1 ||     8
 Stab: Sleeping          |       |       |       |     3 |     6 ||     9
  Eat: Chunk             |       |       |       |     5 |     2 ||     7
Armor: Scale mail        |     6 |     2 |     7 |     8 |       ||    23
       Plate armour      |       |       |       |    13 |       ||    13
       Chain mail        |       |       |       |       |    50 ||    50
Dodge: Dodged            |     9 |     1 |    47 |   140 |   121 ||   318
Block: Shield            |     1 |       |       |    82 |   150 ||   233
       Reflection        |       |       |       |     4 |     1 ||     5

Table legend:
 A = Non-vault XP
 B = Vault XP
 C = Vault XP percentage of total XP
 D = Non-vault monster count
 E = Vault monster count
 F = Vault count percentage of total count
                 A         B        C        D         E       F
            +---------+---------+-------+---------+---------+-------
      Total |       0 |   61677 | 100.0 |       0 |     127 | 100.0
            +---------+---------+-------+---------+---------+-------
          D |       0 |   61677 | 100.0 |       0 |     127 | 100.0
            +---------+---------+-------+---------+---------+-------
